 Dungeon Sprint DCSS version 0.31-a0-675-g238779eb0a (webtiles) character file.

Game seed: 16547292350351402130

16204 dialectric the Ninja (level 12, -3/69 HPs)
             Began as a Spriggan Brigand on Sept 5, 2023.
             Was the Champion of Dithmenos.
             Killed from afar by a deep elf annihilator (56 damage)
             ... with an entropic shot
             ... in the Dungeon (Sprint I: "Red Sonja").
             The game lasted 00:11:53 (1743 turns).

dialectric the Ninja (Spriggan Brigand)             Turns: 1743, Time: 00:11:54

Health: -3/69      AC: 12    Str:  7    XL:     12   Next: 8%
Magic:  26/30      EV: 30    Int: 18    God:    Dithmenos [******]
Gold:   248        SH:  0    Dex: 24    Spells: 29/37 levels left

rFire   + . .        m - +1 dagger (speed)
rCold   . . .        (no shield)
rNeg    . . .        s - +3 acid dragon scales of Avyst {rPois rF+ rCorr Int+5 Dex+3}
rPois   +            (helmet restricted)
rElec   .            r - +2 cloak of the Thief {*Fog Slay-2 SInv Stlth+}
rCorr   +            (gloves unavailable)
SInv    +            (boots unavailable)
Will    ++...        (no amulet) Stlth #*********
                     n - ring of poison resistance
HPRegen 0.31/turn    (no ring)
MPRegen 0.22/turn

%: no teleportation
@: wreathed by umbra, very quick
A: very small, no large weapons, unfitting armour, see invisible, speed 3
a: Renounce Religion, Shadow Step, Shadow Form


You were in the Dungeon.
You worshipped Dithmenos.
Dithmenos was exalted by your worship.
You visited 1 branch You collected 2315 gold pieces.
You spent 2067 gold pieces at shops.

Inventory:

Hand Weapons
 a - a +2 dagger
 m - a +1 dagger of speed (weapon)
 o - a +2 short sword of venom
Missiles
 d - 7 poisoned darts
 e - 2 curare-tipped darts (quivered)
Armour
 b - a +0 robe
 c - the +4 Cigotuvi's embrace {Corpsefed rMiasma Drain rN+}
   (You bought it in a shop in the Dungeon)

   Corpsefed: It gathers nearby corpses to temporarily increase the armour it
   provides.
   rMiasma:   It protects you from foul pestilence.
   rN+:       It protects you from negative energy.
   Drain:     It drains your maximum health when unequipped.
 r - the +2 cloak of the Thief (worn) {*Fog Slay-2 SInv Stlth+}
   (You bought it in a shop in the Dungeon)

   *Fog:      It may release a thick cloud of smoke when the wearer is hurt.
   Slay-2:    It affects your accuracy & damage with ranged weapons and melee
   (-2).
   SInv:      It lets you see invisible.
   Stlth+:    It makes you more stealthy.
 s - the +3 acid dragon scales of Avyst (worn) {rPois rF+ rCorr Int+5 Dex+3}
   (You bought it in a shop in the Dungeon)

   Int+5:     It affects your intelligence (+5).
   Dex+3:     It affects your dexterity (+3).
   rF+:       It protects you from fire.
   rPois:     It protects you from poison rCorr: It protects you from acid and
   corrosion.
Jewellery
 n - a ring of poison resistance (left hand)
Wands
 l - a wand of flame (9)
 p - a wand of acid (5)
Scrolls
 j - a scroll of immolation
 k - a scroll of blinking
 q - a scroll of identify
Potions
 f - 3 potions of curing
 g - 2 potions of heal wounds
 h - a potion of haste
 i - 2 potions of magic


   Skills:
 * Level 10.9 Fighting
 - Level 11.3 Short Blades
 - Level 3.2 Throwing
 - Level 15.4 Dodging
 O Level 27 Stealth
 * Level 13.3 Spellcasting
 * Level 6.1 Conjurations
 * Level 7.2 Earth Magic
 + Level 0.3 Invocations


You had 29 spell levels left.
You knew the following spells:

 Your Spells              Type           Power      Damage    Failure   Level
a - Lehudib's Crystal Sp  Conj/Erth      18%        10d5      100%        8

Your spell library contained the following spells:

 Spells                   Type           Power      Damage    Failure   Level
 Stone Arrow              Conj/Erth      72%        3d11      1%          3
 Apportation              Tloc           24%        N/A       11%         1
 Animate Armour           Summ/Erth      50%        N/A       24%         4
 Leda's Liquefaction      Hex/Erth       12%        N/A       24%         4
 Call Canine Familiar     Summ           12%        N/A       32%         3
 Portal Projectile        Hex/Tloc       24%        N/A       32%         3
 Arcjolt                  Conj/Air       11%        1d21      65%         5
 Vhi's Electric Charge    Tloc/Air       24%        N/A       71%         4
 Alistair's Intoxication  Tmut/Pois      8%         N/A       96%         5
 Maxwell's Capacitive Co  Air            6%         ∞         100%        8


Dungeon Overview and Level Annotations

Branches:
Dungeon (1/1)

Altars:
Cheibriados
Dithmenos
Elyvilon
Fedhas
Gozag
Hepliaklqana
Kikubaaqudgha
Makhleb
Nemelex Xobeh
Okawaru
Qazlal
Ru
Sif Muna
Trog
Uskayaw
Vehumet
Wu Jian
Xom
Yredelemnul
Zin
The Shining One
Jiyva
Lugonu

Shops:
D [(*![=*[*=*:*:*[*[

Annotations:
D exclusion: oklob plant


Innate Abilities, Weirdness & Mutations

You are very small and have problems with some larger weapons.
You are too small for most types of armour.
You have supernaturally acute eyesight. (SInv)
You cover ground extremely quickly. (Speed+++)


Message History

Your shadow barely misses the hornet.
You kill the hornet!
Dithmenos accepts your kill.
Okay, then.
Unknown command.
e - 3 curare-tipped darts
There is an open door here.
There is an open door here.
Aiming: Shadow Step
Press: ? - help, Dir - move target, f - deep elf annihilator
Aim: a deep elf annihilator, wielding a +0 short sword (wandering, hasn't noticed you, umbra)
You step into the deep elf annihilator's shadow.
The deep elf annihilator hits you but does no damage.
You hit the deep elf annihilator.
The deep elf annihilator is lightly wounded.
Your shadow hits the deep elf annihilator with a dagger.
Unknown command.
Okay, then.
You barely miss the deep elf annihilator.
The deep elf annihilator is lightly wounded.
You closely miss the deep elf annihilator.
The deep elf annihilator is lightly wounded.
Your shadow completely misses the deep elf annihilator.
The deep elf annihilator hits you with a +0 short sword!
You emit a cloud of dark smoke.
You hit the deep elf annihilator.
The deep elf annihilator is lightly wounded.
Your shadow hits the deep elf annihilator with a dagger.
Throw: 3 darts (curare)
Press: ? - help, Q - select action, (/) - cycle Shift-Dir - straight line, f/p - deep elf annihilator
Aim: a deep elf annihilator, wielding a +0 short sword (black smoke, lightly wounded, umbra, 57% to hit)
You throw a curare-tipped dart.
The curare-tipped dart hits the deep elf annihilator.
The deep elf annihilator is poisoned.
The deep elf annihilator convulses.
The deep elf annihilator seems to slow down.
The deep elf annihilator is moderately wounded.
The deep elf annihilator points at you and mumbles some strange words.
The entropic shot hits you!!!
Ouch! That really hurt!
You die...

#####################
§§§§§§§§§§§§#..'§§§§#
###§§§§§##..'..#$§§§##
##§.§#######'#§§§$§#####
###+# ::##..#§§$$$#...#
#§##$$$#..##§§$.#.∩.#
#§§###$#..≈###'##...#
##§#A#$#..§e§#§####'#
#§§###$#.§§@##§#§.§.##
#§##..$#§§§##.§§§§..§##
#§§#+###.§§#.§§§§§§§§.#
##§..#P≈..##..§§§§§§§.##
###.#M≈).#..§§.§§§§§.§#
#.###..#....§)..§§§.#
#.# +..##....§§§...##
#+# ##y##..........#
~~~##........##


You could see a deep elf annihilator (very poisoned, slow).

Vanquished Creatures
  A golden dragon (D)
  A shadow dragon (D)
  A hydra (D)
  2 centaur warriors (D)
  4 demonic crawlers (D)
  Sonja (D)
  A deep troll (D)
  A lindwurm (D)
  A shining eye (D)
  An oklob plant (D)
  2 merfolk sirens (D)
  A gargoyle (D)
  7 unseen horrors (D)
  2 kobold demonologists (D)
  2 hornets (D)
  Sigmund (D)
  A yak (D)
  13 hogs (D)
  2 redbacks (D)
  4 floating eyes (D)
  An ogre (D)
  7 necrophages (D)
  8 jellies (D)
  Ijyb (D)
  A ballistomycete spore (D)
67 creatures vanquished.

Vanquished Creatures (others)
  A gargoyle (D)
  2 hornets (D)
  A ballistomycete spore (D)
4 creatures vanquished.

Grand Total: 71 creatures vanquished

Notes
Turn   | Place    | Note
-------+----------+-------------------------------------------
     0 | D        | dialectric the Spriggan Brigand began the quest for the
                  | Orb.
     0 | D        | Reached XP level 1. HP: 10/10 MP: 2/2
     2 | D        | Noticed Ijyb
     5 | D        | Killed Ijyb
     6 | D        | Reached skill level 9 in Stealth
     6 | D        | Reached XP level 2. HP: 14/15 MP: 3/3
   114 | D        | Noticed an ogre
   116 | D        | Killed an ogre
   117 | D        | Reached skill level 13 in Stealth
   117 | D        | Reached XP level 3. HP: 19/19 MP: 4/4
   117 | D        | Reached XP level 4. HP: 23/23 MP: 5/5
   128 | D        | Noticed Sigmund
   130 | D        | Killed Sigmund
   131 | D        | Reached skill level 17 in Stealth
   131 | D        | Reached XP level 5. HP: 28/28 MP: 6/6
   131 | D        | Reached XP level 6. HP: 32/32 MP: 7/7
   142 | D        | Found a shimmering blue altar of Sif Muna.
   143 | D        | Found an ornate altar of the Wu Jian Council.
   144 | D        | Found a radiant altar of Vehumet.
   163 | D        | Found June's Weapon Emporium.
   163 | D        | Found an ancient bone altar of Kikubaaqudgha.
   163 | D        | Found a hazy altar of Hepliaklqana.
   163 | D        | Found a hide-covered altar of Uskayaw.
   163 | D        | Found a basalt altar of Yredelemnul.
   163 | D        | Found an opulent altar of Gozag.
   163 | D        | Found a snail-covered altar of Cheibriados.
   163 | D        | Found a sacrificial altar of Ru.
   163 | D        | Found a shadowy altar of Dithmenos.
   163 | D        | Noticed a yak
   164 | D        | Found a stormy altar of Qazlal.
   164 | D        | Found a blossoming altar of Fedhas.
   164 | D        | Found a bloodstained altar of Trog.
   164 | D        | Found an iron altar of Okawaru.
   164 | D        | Found a glowing golden altar of the Shining One.
   164 | D        | Found a glowing silver altar of Zin.
   164 | D        | Found a white marble altar of Elyvilon.
   165 | D        | Killed a yak
   166 | D        | Reached skill level 5 in Short Blades
   166 | D        | Reached skill level 19 in Stealth
   166 | D        | Found a sparkling altar of Nemelex Xobeh.
   172 | D        | Became a worshipper of Dithmenos the Shadowed
   194 | D        | Found a burning altar of Makhleb.
   194 | D        | Found a shimmering altar of Xom.
   194 | D        | Noticed a slime creature
   195 | D        | Found a viscous altar of Jiyva.
   195 | D        | Found a corrupted altar of Lugonu.
   254 | D        | Noticed a kobold demonologist
   255 | D        | Noticed a floating eye
   255 | D        | Noticed a kobold demonologist
   257 | D        | Killed a floating eye
   258 | D        | Reached skill level 20 in Stealth
   258 | D        | Reached XP level 7. HP: 37/37 MP: 8/8
   258 | D        | Killed a kobold demonologist
   259 | D        | Reached skill level 22 in Stealth
   260 | D        | Killed a kobold demonologist
   260 | D        | Reached * piety under Dithmenos
   261 | D        | Reached skill level 23 in Stealth
   261 | D        | Reached XP level 8. HP: 42/42 MP: 9/9
   279 | D        | Noticed Sonja
   283 | D        | Killed Sonja
   284 | D        | Reached skill level 25 in Stealth
   294 | D        | Found Maufuhao's Antique Armour Boutique.
   323 | D        | Noticed a shining eye
   323 | D        | Noticed a shining eye
   323 | D        | Noticed a shining eye
   324 | D        | Noticed a shining eye
   324 | D        | Noticed a shining eye
   324 | D        | Noticed a shining eye
   325 | D        | Noticed a shining eye
   325 | D        | Noticed a shining eye
   326 | D        | Killed a shining eye
   327 | D        | Reached skill level 5 in Dodging
   327 | D        | Reached skill level 26 in Stealth
   327 | D        | Reached XP level 9. HP: 46/46 MP: 10/10
   336 | D        | Noticed a deep troll
   356 | D        | Killed a deep troll
   356 | D        | Reached ** piety under Dithmenos
   357 | D        | Reached skill level 5 in Fighting
   357 | D        | Reached skill level 27 in Stealth
   383 | D        | Found Atuxiuggu's Armour Emporium.
   401 | D        | Noticed a centaur warrior
   401 | D        | Noticed a centaur warrior
   404 | D        | Killed a centaur warrior
   405 | D        | Killed a centaur warrior
   415 | D        | Reached XP level 10. HP: 53/56 MP: 11/11
   425 | D        | Noticed an oklob plant
   427 | D        | Killed an oklob plant
   427 | D        | Reached *** piety under Dithmenos
   462 | D        | Reached **** piety under Dithmenos
   471 | D        | Reached ***** piety under Dithmenos
   483 | D        | Found Genacs's Book Boutique.
   483 | D        | Found Ephatad's General Store.
   483 | D        | Found Ammiujet's General Store.
   503 | D        | Reached skill level 5 in Spellcasting
   522 | D        | Reached ****** piety under Dithmenos
   561 | D        | Found Qaunon's Distillery.
   561 | D        | Found Gupinkow's General Store.
   561 | D        | Found Urar's Armour Boutique.
   563 | D        | Found Betakos's Jewellery Emporium.
   563 | D        | Found Ocaxiec's Assorted Antiques.
   563 | D        | Found Buegac's Antique Armour Shoppe.
   563 | D        | Found Googy's General Store.
   563 | D        | Found Ataonai's Jewellery Emporium.
   563 | D        | Found Zuqucsiq's General Store.
   563 | D        | Found Faaconev's Book Shoppe.
   565 | D        | Found Licwalul's Assorted Antiques.
   569 | D        | Bought 2 potions of heal wounds for 140 gold pieces
   632 | D        | Noticed a demonic crawler
   632 | D        | Noticed a demonic crawler
   632 | D        | Noticed a demonic crawler
   632 | D        | Noticed a demonic crawler
   634 | D        | Killed a demonic crawler
   635 | D        | Reached skill level 10 in Short Blades
   635 | D        | Killed a demonic crawler
   637 | D        | Killed a demonic crawler
   638 | D        | Reached skill level 15 in Dodging
   638 | D        | Killed a demonic crawler
   639 | D        | Reached XP level 11. HP: 60/60 MP: 19/25
   652 | D        | Learned a level 8 spell: Lehudib's Crystal Spear
   660 | D        | Noticed a lindwurm
   663 | D        | Killed a lindwurm
   664 | D        | Reached skill level 1 in Conjurations
   664 | D        | Reached skill level 1 in Earth Magic
   680 | D        | Reached skill level 10 in Spellcasting
   759 | D        | Noticed a 12-headed hydra
   761 | D        | Killed a 12-headed hydra
   787 | D        | Noticed a shadow dragon
   787 | D        | Noticed a golden dragon
   790 | D        | Killed a golden dragon
   791 | D        | Reached skill level 5 in Earth Magic
   791 | D        | Killed a shadow dragon
   792 | D        | Reached skill level 10 in Fighting
   792 | D        | Reached skill level 5 in Conjurations
   842 | D        | Upgraded the game from 0.31-a0-672-g7da72447bb to
                  | 0.31-a0-675-g238779eb0a
   878 | D        | Found Roveiwk's Armour Shoppe.
   904 | D        | Bought the +4 Cigotuvi's embrace {Corpsefed rMiasma Drain
                  | rN+} for 386 gold pieces
   904 | D        | Found the +4 Cigotuvi's embrace {Corpsefed rMiasma Drain
                  | rN+}
   904 | D        | Bought the +2 cloak of the Thief {*Fog Slay-2 SInv Stlth+}
                  | for 281 gold pieces
   904 | D        | Found the +2 cloak of the Thief {*Fog Slay-2 SInv Stlth+}
  1053 | D        | Noticed a daeva
  1320 | D        | Noticed a deep elf annihilator
  1327 | D        | Reached XP level 12. HP: 59/69 MP: 30/30
  1327 | D        | Noticed a mummy priest
  1614 | D        | Bought the +3 acid dragon scales of Avyst {rPois rF+ rCorr
                  | Int+5 Dex+3} for 1260 gold pieces
  1743 | D        | Killed from afar by a deep elf annihilator

Illustrated notes

Levels and vault maps discovered:
D:        dungeon_sprint_1 [red_sonja_temple_1, red_sonja_temple_small_1]

Skill      XL: |  1  2  3  4  5  6  7  8  9 10 11 12 |
---------------+-------------------------------------+-----
Fighting       | 2 3 4 8 10 | 10.9
Stealth        | 9 13 17 20 23 26 27 | 27.0
Short Blades   | 3 4 5 6 9 11 | 11.3
Throwing       | 3 |  3.2
Dodging        | 2 3 4 5 9 15 | 15.4
Spellcasting   | 9 13 | 13.3
Conjurations   | 5 6 |  6.1
Earth Magic    | 7 |  7.2
Invocations    | |  0.3

Action                     |  1- 3 |  4- 6 |  7- 9 | 10-12 || total
---------------------------+-------+-------+-------+-------++-------
  Melee: Dagger            |     2 |     4 |     7 |   143 ||   156
         Punch             |       |       |       |     2 ||     2
  Throw: Dart              |     1 |       |     7 |    18 ||    26
 Invoke: Shadow Step       |       |       |       |     4 ||     4
    Use: Potion            |       |       |       |     3 ||     3
         Scroll            |       |       |       |     3 ||     3
   Stab: Sleeping          |     2 |     4 |     7 |    39 ||    52
 Armour: Robe              |     1 |       |     2 |    35 ||    38
         Acid dragon scale |       |       |       |     3 ||     3
  Dodge: Dodged            |       |     4 |     4 |    61 ||    69

Table legend: (Time is in decaauts)
 A = Elapsed time spent in this place.
 B = Non-inter-level travel time spent in this place.
 C = Inter-level travel time spent in this place.
 D = Time resting spent in this place.
 E = Time spent auto-exploring this place.
 F = Levels seen in this place.
 G = Mean time per level.
                   A        B        C        D        E       F      G
               +--------+--------+--------+--------+--------+-----+--------+
         Total |   1339 |   1339 |      0 |    529 |     46 |   1 | 1339.0 |
       Dungeon |   1339 |   1339 |      0 |    529 |     46 |   1 | 1339.0 |
               +--------+--------+--------+--------+--------+-----+--------+

Top non-repeatable levels by time:
       D: 1339 daAuts
